PIO (24 & UNDER)
COLORADO COMMANDERS @ JASPER COUGARS
09/06/2024
 
TOP OF THE 1ST
Colorado Commanders batting - Pitching for Jasper Cougars : RHP Aaron Green
Pitching: RHP Aaron Green
Batting: SHB Ángel Díaz 0-0: Called Strike
0-1: Fly out, F7 (Flyball, 78S)
Batting: RHB Arnold Harmon 0-0: Ball
1-0: Called Strike
1-1: TRIPLE (Line Drive, 9D)
Batting: RHB Tim Adkins 0-0: Called Strike
0-1: Ball
1-1: Foul Ball, location: 2F
1-2: Ball
2-2: Foul Ball, location: 2F
2-2: Ball
3-2: Foul Ball, location: 2F
3-2: Strikes out swinging
Batting: LHB Gary Kern 0-0: Called Strike
0-1: Swinging Strike
0-2: Ball
1-2: Ball
2-2: Strikes out looking
Top of the 1st over - 0 run(s), 1 hit(s), 0 error(s), 1 left on base; Colorado 0 - Jasper 0
BOTTOM OF THE 1ST
Jasper Cougars batting - Pitching for Colorado Commanders : RHP Christian Camden
Pitching: RHP Christian Camden
Batting: LHB Armando Torres 0-0: Ball
1-0: Foul Ball, location: 2F
1-1: Foul Ball, location: 2F
1-2: Strikes out looking
Batting: LHB António Camacho 0-0: Fly out, F7 (Flyball, 78M)
Batting: SHB Ron Edwards 0-0: Called Strike
0-1: SINGLE (Groundball, 6MD)
Batting: RHB Fernando Gálvez 0-0: DOUBLE (Groundball, 5L)
Ron Edwards to third
Batting: LHB Jon Scott 0-0: Foul Ball, location: 2F
0-1: Ball
1-1: Swinging Strike
1-2: Strikes out swinging
Bottom of the 1st over - 0 run(s), 2 hit(s), 0 error(s), 2 left on base; Colorado 0 - Jasper 0
TOP OF THE 2ND
Colorado Commanders batting - Pitching for Jasper Cougars : RHP Aaron Green
Batting: LHB David Hernández 0-0: Ball
1-0: Ball
2-0: Fly out, F2 (Popup, 2LF)
Batting: LHB Michael Barrett 0-0: Foul Ball, location: 2F
0-1: Ball
1-1: Ball
2-1: Fly out, F7 (Flyball, 7M)
Batting: RHB Lee Price 0-0: Ball
1-0: Fly out, F8 (Flyball, 78M)
Top of the 2nd over - 0 run(s), 0 hit(s), 0 error(s), 0 left on base; Colorado 0 - Jasper 0
BOTTOM OF THE 2ND
Jasper Cougars batting - Pitching for Colorado Commanders : RHP Christian Camden
Batting: RHB Joe Smith 0-0: Ball
1-0: SINGLE (Line Drive, 34D)
Batting: LHB John Stone 0-0: Ball
1-0: Called Strike
1-1: Ball
2-1: Ground out U3 (Groundball, 3S)
Joe Smith to second
Batting: RHB George Reeves 0-0: Foul Ball, location: 2F
0-1: Ball
1-1: Swinging Strike
1-2: Fly out, F9 (Flyball, 9LMF)
Runner from 2nd tags up, OUT at 3rd
Bottom of the 2nd over - 0 run(s), 1 hit(s), 0 error(s), 0 left on base; Colorado 0 - Jasper 0
TOP OF THE 3RD
Colorado Commanders batting - Pitching for Jasper Cougars : RHP Aaron Green
Batting: SHB Theodore Cook 0-0: SINGLE (Groundball, 34)
Batting: RHB Richard Pendergast 0-0: Ball
1-0: Called Strike
1-1: Ball
2-1: Fly out, F9 (Flyball, 89M)
Batting: SHB Ángel Díaz 0-0: Ball
Theodore Cook steals 2nd base
1-0: Ball
2-0: Swinging Strike
2-1: Called Strike
2-2: Foul Ball, location: 2F
2-2: Ball
3-2: SINGLE (Line Drive, 6)
Theodore Cook to third
Runner from 3rd tries for Home, SAFE, no throw or cutoff
Batting: RHB Arnold Harmon 0-0: Ball
1-0: Fly out, F5 (Popup, 5SF)
Batting: RHB Tim Adkins 0-0: Ball
Ángel Díaz is caught stealing 2nd base
Top of the 3rd over - 1 run(s), 2 hit(s), 0 error(s), 0 left on base; Colorado 1 - Jasper 0
BOTTOM OF THE 3RD
Jasper Cougars batting - Pitching for Colorado Commanders : RHP Christian Camden
Batting: RHB Joe Baker 0-0: Ball
1-0: Swinging Strike
1-1: Ball
2-1: Ground out 4-3 (Groundball, 4)
Batting: LHB Armando Torres 0-0: Ball
1-0: Foul Ball, location: 2F
1-1: Called Strike
1-2: Strikes out looking
Batting: LHB António Camacho 0-0: Ball
1-0: SOLO HOME RUN (Flyball, 7D), Distance : 344 ft
Batting: SHB Ron Edwards 0-0: Ball
1-0: Called Strike
1-1: Foul Ball, location: 2F
1-2: Ball
2-2: Strikes out looking
Bottom of the 3rd over - 1 run(s), 1 hit(s), 0 error(s), 0 left on base; Colorado 1 - Jasper 1
TOP OF THE 4TH
Colorado Commanders batting - Pitching for Jasper Cougars : RHP Aaron Green
Batting: RHB Tim Adkins 0-0: Ground out 5-3 (Groundball, 5S)
Batting: LHB Gary Kern 0-0: Called Strike
0-1: Foul Ball, location: 2F
0-2: Ball
1-2: Strikes out swinging
Batting: LHB David Hernández 0-0: Called Strike
0-1: Ball
1-1: Ball
2-1: Swinging Strike
2-2: Strikes out swinging
Top of the 4th over - 0 run(s), 0 hit(s), 0 error(s), 0 left on base; Colorado 1 - Jasper 1
BOTTOM OF THE 4TH
Jasper Cougars batting - Pitching for Colorado Commanders : RHP Christian Camden
Batting: RHB Fernando Gálvez 0-0: Ball
1-0: Ball
2-0: Swinging Strike
2-1: Ball
3-1: Reached on Error, E7 (Flyball, 78M)
Batting: LHB Jon Scott 0-0: Swinging Strike
0-1: Ball
1-1: Fly out, F7 (Flyball, 7M)
Batting: RHB Joe Smith 0-0: Foul Ball, location: 2F
0-1: Ball
1-1: Ball
2-1: Foul Ball, location: 2F
2-2: Foul Ball, location: 2F
2-2: Foul Ball, location: 2F
2-2: Ball
3-2: Strikes out swinging
Batting: LHB John Stone 0-0: Called Strike
0-1: Foul Ball, location: 2F
0-2: Ball
1-2: SINGLE (Groundball, 56D)
Fernando Gálvez to second
Batting: RHB George Reeves 0-0: Swinging Strike
0-1: Fly out, F3 (Popup, 23F)
Bottom of the 4th over - 0 run(s), 1 hit(s), 1 error(s), 2 left on base; Colorado 1 - Jasper 1
TOP OF THE 5TH
Colorado Commanders batting - Pitching for Jasper Cougars : RHP Aaron Green
Batting: LHB Michael Barrett 0-0: Foul Ball, location: 2F
0-1: Swinging Strike
0-2: Ground out 6-3 (Groundball, 6M)
Batting: RHB Lee Price 0-0: Ball
1-0: Fly out, F7 (Line Drive, 7M)
Batting: SHB Theodore Cook 0-0: Ball
1-0: Swinging Strike
1-1: Ball
2-1: Foul Ball, location: 2F
2-2: Strikes out looking
Top of the 5th over - 0 run(s), 0 hit(s), 0 error(s), 0 left on base; Colorado 1 - Jasper 1
BOTTOM OF THE 5TH
Jasper Cougars batting - Pitching for Colorado Commanders : RHP Christian Camden
Batting: RHB Joe Baker 0-0: Called Strike
0-1: Ball
1-1: Foul Ball, location: 2F
1-2: Strikes out swinging
Batting: LHB Armando Torres 0-0: Ball
1-0: Ball
2-0: Called Strike
2-1: Swinging Strike
2-2: Strikes out swinging
Batting: LHB António Camacho 0-0: Ball
1-0: Called Strike
1-1: SINGLE (Line Drive, 8LS)
Batting: SHB Ron Edwards 0-0: Ball
1-0: Foul Ball, location: 2F
1-1: Ball
António Camacho steals 2nd base
2-1: Foul Ball, location: 2F
2-2: Ball
Passed Ball!
António Camacho to third
3-2: Foul Ball, location: 2F
3-2: Base on Balls
Batting: RHB Fernando Gálvez 0-0: Ball
1-0: Called Strike
1-1: Ball
2-1: SINGLE (Groundball, 6MD)
António Camacho scores
Ron Edwards to second
Runner from 2nd tries for 3rd, SAFE, throw made to third
Batting: LHB Jon Scott 0-0: Ball
Fernando Gálvez steals 2nd base
1-0: SINGLE (Groundball, 34D)
Ron Edwards scores
Fernando Gálvez to third
Runner from 3rd tries for Home, SAFE, no throw or cutoff
Batting: RHB Joe Smith 0-0: Called Strike
0-1: Swinging Strike
0-2: Ball
1-2: Strikes out looking
Bottom of the 5th over - 3 run(s), 3 hit(s), 0 error(s), 1 left on base; Colorado 1 - Jasper 4
TOP OF THE 6TH
Colorado Commanders batting - Pitching for Jasper Cougars : RHP Aaron Green
Batting: RHB Richard Pendergast 0-0: Foul Ball, location: 2F
0-1: Foul Ball, location: 2F
0-2: Ball
1-2: Strikes out swinging
Batting: SHB Ángel Díaz 0-0: Ball
1-0: Swinging Strike
1-1: Swinging Strike
1-2: Ball
2-2: Foul Ball, location: 2F
2-2: Strikes out swinging
Batting: RHB Arnold Harmon 0-0: Called Strike
0-1: Foul Ball, location: 2F
0-2: Fly out, F3 (Popup, 3F)
Top of the 6th over - 0 run(s), 0 hit(s), 0 error(s), 0 left on base; Colorado 1 - Jasper 4
BOTTOM OF THE 6TH
Jasper Cougars batting - Pitching for Colorado Commanders : RHP Christian Camden
Pitching: RHP Tomás Rodríguez
Batting: LHB John Stone 0-0: Foul Ball, location: 2F
0-1: Ball
1-1: Foul Ball, location: 2F
1-2: Ball
2-2: Strikes out swinging
Batting: RHB George Reeves 0-0: Called Strike
0-1: Bunt for hit - play at first, batter OUT! 1-3
Batting: RHB Joe Baker 0-0: Called Strike
0-1: Foul Ball, location: 2F
0-2: Ground out 5-3 (Groundball, 56)
Bottom of the 6th over - 0 run(s), 0 hit(s), 0 error(s), 0 left on base; Colorado 1 - Jasper 4
TOP OF THE 7TH
Colorado Commanders batting - Pitching for Jasper Cougars : RHP Aaron Green
Batting: RHB Tim Adkins 0-0: Ball
1-0: Foul Ball, location: 2F
1-1: Swinging Strike
1-2: Foul Ball, location: 2F
1-2: Foul Ball, location: 2F
1-2: Ball
2-2: Strikes out looking
Batting: LHB Gary Kern 0-0: Ball
1-0: Foul Ball, location: 2F
1-1: Fly out, F7 (Line Drive, 78M)
Batting: LHB David Hernández 0-0: Foul Ball, location: 2F
0-1: Swinging Strike
0-2: Ball
1-2: Foul Ball, location: 2F
1-2: Strikes out swinging
Top of the 7th over - 0 run(s), 0 hit(s), 0 error(s), 0 left on base; Colorado 1 - Jasper 4
BOTTOM OF THE 7TH
Jasper Cougars batting - Pitching for Colorado Commanders : RHP Tomás Rodríguez
Batting: LHB Armando Torres 0-0: Ball
1-0: Fly out, F8 (Line Drive, 8RM)
Batting: LHB António Camacho 0-0: Called Strike
0-1: DOUBLE (Groundball, 3L)
Batting: SHB Ron Edwards 0-0: Intentional Walk
Batting: RHB Fernando Gálvez 0-0: Ball
1-0: Grounds into double play, 6-4-3 (Groundball, 6)
Bottom of the 7th over - 0 run(s), 1 hit(s), 0 error(s), 1 left on base; Colorado 1 - Jasper 4
TOP OF THE 8TH
Colorado Commanders batting - Pitching for Jasper Cougars : RHP Aaron Green
Pitching: LHP Júlio Aguilar
Batting: LHB Michael Barrett 0-0: Called Strike
0-1: Called Strike
0-2: Ball
1-2: Strikes out swinging
Batting: RHB Lee Price 0-0: Ball
1-0: SINGLE (Groundball, 34D)
Pitching: RHP Ernesto Mendoza
Batting: SHB Theodore Cook 0-0: Called Strike
0-1: Called Strike
0-2: Fielders Choice at 2nd, 6-4 (Groundball, 6M)
Batting: RHB Richard Pendergast 0-0: Foul Ball, location: 2F
0-1: Ball
1-1: Called Strike
1-2: Fly out, F9 (Line Drive, 89M)
Top of the 8th over - 0 run(s), 1 hit(s), 0 error(s), 1 left on base; Colorado 1 - Jasper 4
BOTTOM OF THE 8TH
Jasper Cougars batting - Pitching for Colorado Commanders : RHP Tomás Rodríguez
Pitching: RHP Marcos Miranda
Batting: LHB Jon Scott 0-0: Ground out 4-3 (Groundball, 4M)
Batting: RHB Joe Smith 0-0: Called Strike
0-1: Foul Ball, location: 2F
0-2: Ground out 5-3 (Groundball, 5)
Batting: LHB John Stone 0-0: Foul Ball, location: 2F
0-1: Ball
1-1: Foul Ball, location: 2F
1-2: Foul Ball, location: 2F
1-2: Ball
2-2: Strikes out swinging
Bottom of the 8th over - 0 run(s), 0 hit(s), 0 error(s), 0 left on base; Colorado 1 - Jasper 4
TOP OF THE 9TH
Colorado Commanders batting - Pitching for Jasper Cougars : RHP Ernesto Mendoza
Pitching: RHP Brandon Williams
Batting: SHB Ángel Díaz 0-0: Ball
1-0: Ball
2-0: Ball
3-0: Called Strike
3-1: Base on Balls
Batting: RHB Arnold Harmon 0-0: Ball
1-0: Swinging Strike
1-1: Called Strike
1-2: Ball
2-2: Strikes out swinging
Batting: RHB Tim Adkins 0-0: Ball
1-0: Ball
2-0: Called Strike
2-1: SINGLE (Groundball, 4MD)
Ángel Díaz to second
Runner from 2nd tries for 3rd, SAFE, throw made to third
Batting: LHB Gary Kern 0-0: Ball
1-0: Ball
2-0: Swinging Strike
2-1: Swinging Strike
2-2: Foul Ball, location: 2F
2-2: Foul Ball, location: 2F
2-2: Strikes out swinging
Batting: LHB David Hernández 0-0: Ball
1-0: Swinging Strike
1-1: Foul Ball, location: 2F
1-2: Foul Ball, location: 2F
1-2: Strikes out swinging
Top of the 9th over - 0 run(s), 1 hit(s), 0 error(s), 2 left on base; Colorado 1 - Jasper 4
This league is powered by Out of the Park Baseball, the baseball management simulation game for PC, Mac and Linux
Saturday, April 9th, 2016 - OOTP Baseball 16.8 Build 38